 Dungeon Crawl Stone Soup version 0.28.0-53-g5a82cb258f (webtiles) character file.

Game seed: 8635664831864555757

23 Sin92 the Skirmisher (level 2, -4/24 HPs)
             Began as a Demonspawn Fighter on July 7, 2022.
             Slain by an ogre
             ... wielding a +0 giant club
              (9 damage)
             ... on level 2 of the Dungeon.
             The game lasted 00:00:28 (885 turns).

Sin92 the Skirmisher (Demonspawn Fighter)            Turns: 885, Time: 00:00:28

Health: -4/24      AC: 12    Str: 16    XL:     2   Next: 72%
Magic:  2/2        EV:  9    Int:  9    God:
Gold:   110        SH:  4    Dex: 12    Spells: 1/1 levels left

rFire   . . .      SeeInvis .   a - +0 war axe
rCold   . . .      Faith    .   c - +0 buckler
rNeg    . . .      Spirit   .   b - +0 scale mail
rPois   .          Reflect  .   (no helmet)
rElec   .          Harm     .   (no cloak)
rCorr   .          Rampage  .   (no gloves)
Will    .....                   (no boots)
Stlth   ..........              (no amulet)
HPRegen 0.08/turn               (no ring)
MPRegen 0.08/turn               (no ring)

@: sanguine armoured
A: sanguine armour 1
a: no special abilities


You were on level 2 of the Dungeon.
You visited 1 branch of the dungeon, and saw 2 of its levels.

You collected 110 gold pieces.

Inventory:

Hand Weapons
 a - a +0 war axe (weapon)
Armour
 b - a +0 scale mail (worn)
 c - a +0 buckler (worn)
Jewellery
 h - a +6 ring of strength
 l - an amulet of faith
Scrolls
 e - a scroll of enchant weapon {unknown}
 f - 2 scrolls of teleportation {unknown}
 i - a scroll of fog {unknown}
 j - a scroll of immolation {unknown}
Potions
 d - 2 potions of might
 g - a potion of lignification {unknown}
 k - a potion of heal wounds {unknown}


   Skills:
 + Level 3.1 Fighting
 * Level 2.2 Axes
 + Level 2.8 Armour
 + Level 0.6 Dodging
 + Level 2.9 Shields


You had one spell level left.
You didn't know any spells.
Your spell library contained the following spells:

 Spells                   Type           Power      Damage    Failure   Level
 Olgreb's Toxic Radiance  Pois           0%         N/A       100%        4
 Ozocubu's Refrigeration  Ice            0%         4d5       100%        7
 Ignition                 Fire           0%         3d3       100%        8


Dungeon Overview and Level Annotations

Branches:
Dungeon (2/15)

Altars:


Innate Abilities, Weirdness & Mutations

When seriously injured, your blood forms armour. (AC +6)


Message History

Unknown command.
Unknown command.
No target in view!
You now have 110 gold pieces (gained 17).
You open the huge gate.
Found a faded altar of an unknown god.
Unknown command.
No target in view!
No target in view!
A ball python comes into view.
The ball python hisses angrily.
Unknown command.
A ball python is nearby!
The ball python bites you but does no damage.
The ball python grabs you. The ball python constricts you.
A ball python is nearby!
Unknown command.
You slash the ball python!
You kill the ball python!
An ogre comes into view. It is wielding a +0 giant club.
Unknown command.
An ogre is nearby!
An ogre is nearby!
An ogre is nearby!
The ogre closely misses you.
An ogre is nearby!
You barely miss the ogre. The ogre hits you with a +0 giant club!
Ouch! That really hurt!
Your blood congeals into armour.
An ogre is nearby!
You are too injured to fight recklessly!
You are too injured to fight recklessly!
You slash the ogre!
The ogre is moderately wounded.
The ogre hits you with a +0 giant club.
* * * LOW HITPOINT WARNING * * *
You hit the ogre.
The ogre is heavily wounded.
The ogre hits you with a +0 giant club!
You die...

#...###... .
###....##..#
.###.'''''##..#
....'''''....#
#..''_''.#..#
#..'''''.#..# #
#..'''''##..#.#..# ..
#..........@O....#
....##..##..###.##.##.#
........###.# #.# #
.######.# #.# #.. .#
#.# #.# #### .# #.# #.#
.# #.# #.# .# #.# #.#
.# #.# #.#


You could see an ogre.

Vanquished Creatures
  2 bats (D:1)
  3 goblins
  3 hobgoblins (D:1)
  A kobold (D:1)
  7 ball pythons
  4 frilled lizards (D:1)
  A rat (D:1)
21 creatures vanquished.

Notes
Turn   | Place    | Note
-------+----------+-------------------------------------------
     0 | D:1      | Sin92 the Demonspawn Fighter began the quest for the Orb.
     0 | D:1      | Reached XP level 1. HP: 18/18 MP: 1/1
   132 | D:1      | Gained mutation: When seriously injured, your blood forms
                  | armour. (AC +6) [demonic ancestry]
   132 | D:1      | Reached XP level 2. HP: 16/24 MP: 2/2
   870 | D:2      | Found a faded altar of an unknown god.
   879 | D:2      | Noticed an ogre
   885 | D:2      | Slain by an ogre

Illustrated notes

Levels and vault maps discovered:
D:1:      saegor_arrival_simple_a, layout_rooms
D:2:      layout_loops_ring, hellmonk_ecumenical_altar_heavens_door,
          serial_shops, shop, uniq_crazy_yiuf_cottage

Skill      XL: |  1 |
---------------+----+-----
Axes           | 2 |  2.2
Fighting       | |  3.1
Armour         | |  2.8
Dodging        | |  0.6
Shields        | |  2.9

Action                   || total
-------------------------++-------
Melee: War axe           ||    53
Armor: Scale mail        ||    25
Dodge: Dodged            ||    27
Block: Buckler           ||    12
